 Dungeon Crawl Stone Soup version 0.24-a0-458-gfcb5e6da0e (webtiles) character file.

Game seed: 1861481436386527290

244 EnegeticOcto the Skirmisher (level 5, -1/47 HPs)
             Began as a Mummy Chaos Knight on June 27, 2019.
             Was a Plaything of Xom.
             Slain by an orc (2 damage)
             ... on level 3 of the Dungeon.
             The game lasted 00:02:44 (2712 turns).

EnegeticOcto the Skirmisher (Mummy Chaos Knight)    Turns: 2712, Time: 00:02:44

Health: -1/47      AC:  5    Str: 15    XL:     5   Next: 83%
Magic:  5/5        EV: 11    Int: 13    God:    Xom [..*...]
Gold:   136        SH:  0    Dex: 11    Spells: 4/4 levels left

rFire    x . .     SeeInvis .   a - +0 spear (chaos)
rCold    + + .     Gourm    .   (no shield)
rNeg     + + +     Faith    .   b - +2 leather armour
rPois    ∞         Spirit   .   (no helmet)
rElec    .         Reflect  .   (no cloak)
rCorr    .         Harm     .   (no gloves)
MR       .....                  (no boots)
Stlth    ..........             (no amulet)
HPRegen  0.15/turn              g - ring of protection from cold
MPRegen  0.09/turn              j - ring of attention (curse)

@: no status effects
A: no food or potions, fire vulnerability, cold resistance 1, negative energy
resistance 3, torment resistance, unbreathing
a: Renounce Religion


You were on level 3 of the Dungeon.
You worshipped Xom.
You were a toy of Xom.
You were not hungry.

You visited 1 branch of the dungeon, and saw 3 of its levels.

You collected 136 gold pieces.

Inventory:

Hand Weapons
 a - a +0 spear of chaos (weapon)
Armour
 b - a +2 leather armour (worn)
Jewellery
 g - a ring of protection from cold (left hand)
 j - a cursed ring of attention (right hand)
Scrolls
 c - 5 scrolls of teleportation {@r3 !r}
 d - 2 scrolls of amnesia {unknown}
 e - a scroll of remove curse {@r2}
 f - a scroll of enchant armour {unknown}
 h - a scroll of noise {unknown}


   Skills:
 + Level 6.6 Fighting
 - Level 2.4 Polearms
 - Level 1.5 Armour
 - Level 0.7 Dodging


You had 4 spell levels left.
You didn't know any spells.
Your spell library was empty.

Dungeon Overview and Level Annotations

Branches:
Dungeon (3/15)

Altars:
Cheibriados
Xom

Annotations:
D:3 3 runed translucent doors, Thantalas's ghost, weakling MiBe


Innate Abilities, Weirdness & Mutations

You do not eat or drink.
Your flesh is vulnerable to fire.
You are immune to poison.
Your flesh is cold resistant. (rC+)
You are immune to negative energy. (rN+++)
You are immune to unholy pain and torment.
You can survive without breathing.


Message History

The adder is heavily wounded.
The adder bites you.
You hit the adder but do no damage.
The adder flickers and vanishes!
Deactivating autopickup; reactivate with Ctrl-A.
Xom thinks this is hilarious!
Something bites you.
No target in view!
No target in view!
No target in view!
No target in view!
No target in view!
No target in view!
No target in view!
You barely miss something. Something bites you.
Something bites you but does no damage.
You miss something. Something bites you but does no damage.
You hit something. Something bites you.
An orc wizard comes into view. It is wielding a +0 dagger.
You completely miss something. Something bites you.
The orc wizard gestures at you while chanting.
The puff of flame misses you. Something bites you.
You hit something.
Reactivating autopickup.
You feel a bit more experienced.
An orc comes into view.
The orc shouts!
You hear a shout!
You see here a +0 dagger.
An orc comes into view.
The orc shouts!
An orc comes into view. It is wielding a +0 short sword.
The orc wizard hits you but does no damage.
You are too injured to fight recklessly!
You hit the orc wizard but do no damage.
The orc wizard misses you.
You hit the orc wizard.
The orc wizard is poisoned.
The orc wizard scowls horribly.
The orc wizard is lightly wounded.
The orc wizard gestures wildly while chanting.
The orc wizard seems to speed up.
You closely miss the orc wizard.
The orc wizard is lightly wounded.
The orc wizard hits you but does no damage.
You hit the orc wizard but do no damage.
The orc wizard is moderately wounded.
The orc wizard hits you but does no damage.
You hit the orc but do no damage.
The orc flickers and vanishes!
Deactivating autopickup; reactivate with Ctrl-A.
You hit something but do no damage. Something hits you.
You puncture something! You freeze something.
Reactivating autopickup.
You feel a bit more experienced.
You hit the orc.
The orc is moderately wounded.
The orc wizard mumbles some strange words.
The orc wizard flickers and vanishes!
Deactivating autopickup; reactivate with Ctrl-A.
The orc hits you with a +0 short sword.
You hit the orc. You burn the orc.
You kill the orc!
You hit something but do no damage. Lightning courses through something!
Something hits you.
* * * LOW HITPOINT WARNING * * *
Something completely misses you.
You hit something.
Reactivating autopickup.
You feel a bit more experienced.
You hit the orc.
The orc is lightly wounded.
The orc hits you.
* * * LOW HITPOINT WARNING * * *
You hit the orc but do no damage.
The orc is lightly wounded.
The orc closely misses you.
You barely miss the orc.
The orc is lightly wounded.
The orc hits you.
* * * LOW HITPOINT WARNING * * *
You barely miss the orc.
The orc is lightly wounded.
The orc hits you.
* * * LOW HITPOINT WARNING * * *
You hit the orc but do no damage.
The orc is lightly wounded.
The orc hits you but does no damage.
You hit the orc.
The orc is heavily wounded.
You hit the orc but do no damage.
The orc flickers and vanishes!
Deactivating autopickup; reactivate with Ctrl-A.
Something hits you.
* * * LOW HITPOINT WARNING * * *
You hit something.
The air around you crackles with energy!
Something hits you.
* * * LOW HITPOINT WARNING * * *
You barely miss something. Something hits you.
* * * LOW HITPOINT WARNING * * *
You barely miss something. Something hits you but does no damage.
You barely miss something. Something hits you.
You die... "It was about time."

##.## ### #.# #.#
#.## #..# # ##.# #.#.
#.# ##....#### #.#
......{@.# #.#
##....##)######.#
#.#. #........# #
########## #########
#..#.#..#
##%[?..##############
#


There were no monsters in sight!

Vanquished Creatures
  3 crimson imps (D:3)
  An orc wizard (D:3)
  2 adders
  4 worms
  4 dart slugs
  5 leopard geckos
  7 orcs (D:3)
  A ball python (D:2)
  8 bats
  2 giant cockroaches
  4 goblins
  9 hobgoblins
  2 jackals (D:1)
  7 kobolds
  A quokka (D:2)
  7 frilled lizards
  12 rats
79 creatures vanquished.

Notes
Turn   | Place    | Note
-------+----------+-------------------------------------------
     0 | D:1      | EnegeticOcto the Mummy Chaos Knight began the quest for the
                  | Orb.
     0 | D:1      | Reached XP level 1. HP: 18/18 MP: 1/1
    45 | D:1      | XOM: divination: magic mapping
    85 | D:1      | Reached XP level 2. HP: 24/24 MP: 2/2
   209 | D:1      | XOM: harmless Tmut miscast
   224 | D:1      | Reached skill level 4 in Fighting
   359 | D:1      | XOM: noise
   515 | D:1      | Reached XP level 3. HP: 30/30 MP: 3/3
   525 | D:1      | You fall into a shaft and drop 1 floor!
   538 | D:2      | XOM: harmless Erth miscast
   604 | D:1      | XOM: god gift: great sword {god gift}
   862 | D:1      | XOM: silly message
  1010 | D:2      | Found a snail-covered altar of Cheibriados.
  1020 | D:2      | XOM: severe Ice miscast
  1168 | D:2      | XOM: 1-stop teleportation journey
  1211 | D:2      | XOM: 7-stop teleportation journey
  1327 | D:2      | XOM: harmless Necr miscast
  1401 | D:2      | Reached XP level 4. HP: 29/38 MP: 4/4
  1407 | D:2      | Reached skill level 5 in Fighting
  1744 | D:2      | XOM: medium Air miscast
  2019 | D:3      | Found a shimmering altar of Xom.
  2020 | D:3      | XOM: summons 4 friendly demons
  2130 | D:3      | Reached XP level 5. HP: 44/46 MP: 5/5
  2275 | D:3      | Reached skill level 6 in Fighting
  2328 | D:3      | Found a runed translucent gate.
  2328 | D:3      | Found a runed translucent gate.
  2329 | D:3      | Found a runed translucent gate.
  2331 | D:3      | Noticed Thantalas's ghost (weakling MiBe)
  2601 | D:3      | XOM: potion effect (agility)
  2709 | D:3      | HP: 2/47 [something (2)]
  2712 | D:3      | Slain by an orc

Levels and vault maps discovered:
D:1:      saegor_arrival_simple_e, layout_basic, minmay_door_square,
          minmay_pentomino_v2
D:2:      layout_basic, nicolae_overflow_hidden_temple, first_ration,
          cheibriados_altar_1
D:3:      cheibrodos_old_hovel, layout_loops_corners, led_xom_imps,
          gammafunk_ghost_necromancy

Skill      XL: |  1  2  3  4  5 |
---------------+----------------+-----
Fighting       | 4 5 6 |  6.6
Polearms       | |  2.4
Armour         | |  1.5
Dodging        | |  0.7

Action                   |  1- 3 |  4- 6 || total
-------------------------+-------+-------++-------
Melee: Spear             |   111 |   180 ||   291
  Use: Scroll            |       |     2 ||     2
 Stab: Confused          |     1 |     2 ||     3
       Distracted        |       |     1 ||     1
       Petrified         |       |    16 ||    16
       Paralysed         |       |     1 ||     1
Armor: Leather armour    |    29 |    35 ||    64
Dodge: Dodged            |    54 |    51 ||   105

Table legend:
 A = Non-vault XP
 B = Vault XP
 C = Vault XP percentage of total XP
 D = Non-vault monster count
 E = Vault monster count
 F = Vault count percentage of total count
                 A         B        C        D         E       F
            +---------+---------+-------+---------+---------+-------
      Total |     214 |     135 |  38.7 |      73 |       6 |   7.6
            +---------+---------+-------+---------+---------+-------
        D:1 |      53 |       3 |   5.4 |      31 |       2 |   6.1
        D:2 |      61 |       0 |   0.0 |      22 |       0 |   0.0
        D:3 |     100 |     132 |  56.9 |      20 |       4 |  16.7
            +---------+---------+-------+---------+---------+-------
